 Dungeon Crawl Stone Soup version 0.23.0-3-gf3c87f2 (webtiles) character file.

Game seed: 16401804947916904416

207 dengdeng the Skirmisher (level 5, -9/48 HPs)
             Began as a Minotaur Berserker on Feb 23, 2019.
             Was a Believer of Trog.
             Killed by divine providence
             ... invoked by an orc priest
              (11 damage)
             ... on level 3 of the Dungeon.
             The game lasted 00:07:31 (2752 turns).

dengdeng the Skirmisher (Minotaur Berserker)        Turns: 2752, Time: 00:07:32

Health: -9/48      AC:  0    Str: 21    XL:     5   Next: 54%
Magic:  4/4        EV: 13    Int:  2    God:    Trog [**....]
Gold:   90         SH:  0    Dex: 11    Spells: 4/4 levels left

rFire    . . .     SeeInvis .   a - +0 hand axe
rCold    . . .     Gourm    .   (no shield)
rNeg     . . .     Faith    .   (no armour)
rPois    .         Spirit   .   (helmet restricted)
rElec    .         Reflect  .   (no cloak)
rCorr    .         Harm     .   (no gloves)
MR       .....                  (no boots)
Stlth    +.........             (no amulet)
HPRegen  0.16/turn              b - -2 ring of intelligence (curse)
MPRegen  0.09/turn              (no ring)

@: no status effects
A: retaliatory headbutt, horns 2
a: Berserk, Trog's Hand, Renounce Religion


You were on level 3 of the Dungeon.
You worshipped Trog.
Trog was pleased with you.
You were not hungry.

You visited 1 branch of the dungeon, and saw 3 of its levels.

You collected 90 gold pieces.

Inventory:

Hand Weapons
 a - a +0 hand axe (weapon)
Missiles
 d - 190 stones (quivered)
Armour
 n - a +0 ring mail
Jewellery
 b - a cursed -2 ring of intelligence (left hand)
Scrolls
 e - a scroll of immolation {unknown}
 h - 2 scrolls of enchant weapon {unknown}
 i - 4 scrolls of identify {unknown}
 j - a scroll of enchant armour {unknown}
 k - a scroll of magic mapping {unknown}
 m - a scroll of teleportation {unknown}
 o - a scroll of fear {unknown}
Potions
 f - a potion of haste {unknown}
 g - a potion of lignification {unknown}
 l - 2 potions of curing {unknown}
 p - a potion of mutation {unknown}
 q - a potion of heal wounds
Comestibles
 c - 7 rations
 r - 8 chunks of flesh


   Skills:
 * Level 5.4 Fighting
 + Level 5.0 Axes
 + Level 0.2 Throwing
 * Level 3.3 Armour
 + Level 3.1 Dodging
 + Level 0.6 Stealth


You had 4 spell levels left.
You didn't know any spells.
Your spell library was empty.

Dungeon Overview and Level Annotations

Branches:
Dungeon (3/15)

Altars:
Vehumet


Innate Abilities, Weirdness & Mutations

You reflexively headbutt those who attack you in melee.
You have a pair of horns on your head.


Message History

The orc priest is heavily wounded.
You hit the orc. x2; The orc priest misses you.
The orc hits you. The orc hits you with a +0 flail!
* * * LOW HITPOINT WARNING * * *
Unknown command.
You hit the orc priest.
The orc priest is almost dead.
You hit the orc but do no damage. You barely miss the orc.
The orc priest hits you with a +0 dagger.
* * * LOW HITPOINT WARNING * * *
The orc barely misses you. x2
You closely miss the orc priest.
You headbutt the orc priest, but do no damage.
The orc priest is almost dead.
You barely miss the orc. You hit the orc.
You kill the orc!
Trog accepts your kill.
The orc priest invokes the aid of Beogh against you.
Beogh smites you!
You die...

#..# #.## #.#
#.# #.## ##..#
## ....# #.
#########
###.#
#)####.......#
#.#
#o@.##.#####>#
#.#
#o#.##.#####.#
#.#
#.#.......##.#
###
#$####.##.##.#
### ##
#.##.##.# #..
.. #.......#
##># ..
#####.####
.#.# .#
#......# .#<#
.# #.###..#


You could see an orc priest and an orc.

Vanquished Creatures
  A bullfrog (D:3)
  4 adders
  An ooze (D:2)
  4 worms
  3 dart slugs (D:1)
  4 leopard geckos
  2 orcs (D:3)
  4 giant cockroaches
  7 goblins
  10 hobgoblins
  9 jackals
  4 kobolds
  A ball python (D:3)
  10 bats
  4 frilled lizards
  7 rats
75 creatures vanquished.

Notes
Turn   | Place    | Note
-------+----------+-------------------------------------------
     0 | D:1      | dengdeng the Minotaur Berserker began the quest for the
                  | Orb.
     0 | D:1      | Reached XP level 1. HP: 19/19 MP: 0/0
   133 | D:1      | Reached XP level 2. HP: 23/27 MP: 1/1
   730 | D:1      | Reached XP level 3. HP: 31/33 MP: 2/2
  1343 | D:2      | Reached XP level 4. HP: 39/41 MP: 3/3
  1580 | D:2      | Found a radiant altar of Vehumet.
  2070 | D:3      | Reached ** piety under Trog
  2453 | D:3      | Noticed a bullfrog
  2457 | D:3      | Killed a bullfrog
  2457 | D:3      | Reached skill level 5 in Fighting
  2457 | D:3      | Reached XP level 5. HP: 41/48 MP: 4/4
  2689 | D:3      | Reached skill level 5 in Axes
  2751 | D:3      | HP: 2/48 [orc priest/+0 dagger (5)]
  2752 | D:3      | Killed from afar by an orc priest

Skill      XL: |  1  2  3  4  5 |
---------------+----------------+-----
Axes           | 4 5 |  5.0
Fighting       | 4 5 |  5.4
Armour         | 3 |  3.3
Dodging        | 3 |  3.1
Throwing       | |  0.2
Stealth        | |  0.6

Action                   |  1- 3 |  4- 6 || total
-------------------------+-------+-------++-------
Melee: Hand axe          |    84 |    97 ||   181
       Headbutt          |    11 |    22 ||    33
Throw: Stone             |     3 |     6 ||     9
  Use: Potion            |     1 |     1 ||     2
 Stab: Sleeping          |       |     3 ||     3
  Eat: Chunk             |     1 |     5 ||     6
Armor: Animal skin       |    13 |       ||    13
Dodge: Dodged            |    61 |    59 ||   120
